 Dungeon Crawl Stone Soup version 0.29-a0-322-g68df515428 (webtiles) character file.

Game seed: 4241823444144352148

16 GigaChad the Skirmisher (level 2, -3/27 HPs)
             Began as a Draconian Chaos Knight on Apr 7, 2022.
             Was a Plaything of Xom.
             Slain by a meliai (shapeshifter) (8 damage)
             ... on level 1 of the Dungeon.
             The game lasted 00:02:18 (478 turns).

GigaChad the Skirmisher (Draconian Chaos Knight)     Turns: 478, Time: 00:02:19

Health: -3/27      AC:  4    Str: 14    XL:     2   Next: 41%
Magic:  2/2        EV: 12    Int: 12    God:    Xom [.....*]
Gold:   0          SH:  0    Dex: 10    Spells: 1/1 levels left

rFire   . . .      SeeInvis .   a - +0 falchion (chaos)
rCold   . . .      Faith    .   (no shield)
rNeg    . . .      Spirit   .   (body armour unavailable)
rPois   .          Reflect  .   (helmet restricted)
rElec   .          Harm     .   (no cloak)
rCorr   +          Rampage  .   (no gloves)
Will    .....                   (no boots)
Stlth   +.........              (no amulet)
HPRegen 0.09/turn               f - ring of resist corrosion
MPRegen 0.08/turn               (no ring)

@: no status effects
A: AC +4, unfitting armour, cold-blooded
a: Renounce Religion


You were on level 1 of the Dungeon.
You worshipped Xom.
You were Xom's teddy bear.
You visited 1 branch of the dungeon, and saw 1 of its levels.

Inventory:

Hand Weapons
 a - a +0 falchion of chaos (weapon)
 d - a +2 short sword of draining
Jewellery
 f - a ring of resist corrosion (left hand)
Scrolls
 e - a scroll of teleportation
Potions
 c - a potion of lignification {unknown}
Miscellaneous
 b - a piece from Xom's chessboard (15/15) (quivered)


   Skills:
 + Level 3.6 Fighting
 + Level 3.4 Long Blades
 + Level 2.3 Dodging


You had one spell level left.
You didn't know any spells.
Your spell library was empty.

Dungeon Overview and Level Annotations

Branches:
Dungeon (1/15)

Altars:


Innate Abilities, Weirdness & Mutations

Your plain brown scales are hard. (AC +4)
You cannot fit into any form of body armour.
You are cold-blooded and may be slowed by cold attacks.


Message History

The bat hits you but does no damage. The bat closely misses you.
The bat barely misses you. The bat barely misses you.
The bat barely misses you. The bat barely misses you.
The bat hits you but does no damage. The bat closely misses you.
The bat hits you but does no damage. The bat hits you.
The bat completely misses you. The bat barely misses you.
The bat hits you but does no damage. The bat hits you but does no damage.
The bat hits you but does no damage. The bat barely misses you.
The bat hits you but does no damage. The bat barely misses you.
The bat misses you. The bat barely misses you.
You closely miss the bat. The bat barely misses you. The bat misses you.
The bat barely misses you. The bat closely misses you. The bat misses you.
The bat barely misses you.
You closely miss the bat. You tail-slap the bat.
The bat is moderately wounded.
The bat hits you but does no damage.
The bat closely misses you. "Hum-dee-hum-dee-hum..."
The bat changes into a shapeshifter!
The shapeshifter changes into a salamander!
You hit the salamander but do no damage.
The salamander hits you!
You are engulfed in flames!
* * * LOW HITPOINT WARNING * * *
A shower of butterflies erupts from you!
You barely miss the salamander.
The salamander changes into a meliai!
You hit the meliai.
The meliai is lightly wounded.
The meliai blinks!
The meliai barely misses you. The meliai stings you.
* * * LOW HITPOINT WARNING * * *
The meliai hits you but does no damage. The meliai stings you!
You die...
Xom roars with laughter!

##.........#
#.........#
########### #####
#...# #..b# #
########.bb#
########........@.#
.........######by.#
########## #...#
#...# #####


You could see a meliai shaped shifter (ally target).

Vanquished Creatures
  A dart slug (D:1)
  A ball python (D:1)
  An endoplasm (D:1)
  2 giant cockroaches (D:1)
  2 kobolds (D:1)
  2 quokkas (D:1)
  2 bats (D:1)
  2 rats (D:1)
13 creatures vanquished.

Notes
Turn   | Place    | Note
-------+----------+-------------------------------------------
     0 | D:1      | GigaChad the Draconian Chaos Knight began the quest for the
                  | Orb.
     0 | D:1      | Reached XP level 1. HP: 19/19 MP: 1/1
    25 | D:1      | XOM: potion effect (brilliance)
   207 | D:1      | Reached XP level 2. HP: 26/26 MP: 2/2
   295 | D:1      | XOM: noise
   473 | D:1      | Noticed a shapeshifter
   473 | D:1      | a bat changed into a shapeshifter
   473 | D:1      | XOM: polymorph bat -> shapeshifter
   473 | D:1      | Noticed a salamander
   473 | D:1      | a shapeshifter changed into a salamander
   476 | D:1      | XOM: butterfly on damage
   477 | D:1      | Noticed a meliai
   477 | D:1      | a salamander changed into a meliai
   478 | D:1      | Slain by a meliai (shapeshifter)

Illustrated notes

Levels and vault maps discovered:
D:1:      dpeg_arrival_tiny_h, layout_rooms

Action                   || total
-------------------------++-------
Melee: Falchion          ||    41
       Tailslap          ||     2
  Use: Scroll            ||     5
Armor: Skin              ||    47
Dodge: Dodged            ||    83

Table legend: (Time is in decaauts)
 A = Elapsed time spent in this place.
 B = Non-inter-level travel time spent in this place.
 C = Inter-level travel time spent in this place.
 D = Time resting spent in this place.
 E = Time spent auto-exploring this place.
 F = Levels seen in this place.
 G = Mean time per level.
                   A        B        C        D        E       F      G
               +--------+--------+--------+--------+--------+-----+--------+
         Total |    483 |    483 |      0 |     92 |     44 |   1 |  483.0 |
       Dungeon |    483 |    483 |      0 |     92 |     44 |   1 |  483.0 |
               +--------+--------+--------+--------+--------+-----+--------+

Top non-repeatable levels by time:
     D:1: 483 daAuts
